 Dungeon Crawl Stone Soup version 0.31-a0-217-g58bb5d79cf (webtiles) character file.

Game seed: 10491669962136517631

3213 qw the Skirmisher (level 9, 0/79 HPs)
             Began as a Minotaur Hexslinger on July 2, 2023.
             Was a Follower of Okawaru.
             Slain by a yak (10 damage)
             ... on level 8 of the Dungeon.
             The game lasted 00:02:29 (5919 turns).

qw the Skirmisher (Minotaur Hexslinger)             Turns: 5919, Time: 00:02:30

Health: 0/79       AC:  7    Str: 13    XL:     9   Next: 65%
Magic:  9/9        EV: 14    Int: 10    God:    Okawaru [*.....]
Gold:   425        SH:  0    Dex: 17    Spells: 9/10 levels left

rFire   . . .        Y - +0 arbalest
rCold   . . .        (shield currently unavailable)
rNeg    + . .        g - +0 troll leather armour {Pargi}
rPois   .            (helmet restricted)
rElec   .            i - +1 cloak
rCorr   .            n - +0 pair of gloves
SInv    .            (no boots)
Will    .....        c - amulet of the acrobat
Stlth   +            l - ring of positive energy
HPRegen 1.13/turn    (no ring)
MPRegen 0.11/turn

%: acrobat
@: about to teleport
A: horns 2, retaliatory headbutt
a: Renounce Religion, Heroism


You were on level 8 of the Dungeon.
You worshipped Okawaru.
Okawaru was aware of your devotion.
You visited 2 branches of the dungeon, and saw 9 of its levels.

You collected 425 gold pieces.


Innate Abilities, Weirdness & Mutations

You have a pair of horns on your head.
You reflexively headbutt those who attack you in melee.


   Skills:
 - Level 7.3 Fighting
 + Level 11.9 Ranged Weapons
 - Level 3.6 Armour
 - Level 5.4 Dodging
 - Level 1.0 Spellcasting
 - Level 2.0 Hexes
 + Level 1.0 Invocations


You had 9 spell levels left.
You knew the following spells:

 Your Spells              Type           Power      Damage    Failure   Level
a - Slow                  Hex            16%        N/A       19%         1

Your spell library contained the following spells:

 Spells                   Type           Power      Damage    Failure   Level
 Inner Flame              Hex/Fire       2%         N/A       63%         3
 Portal Projectile        Hex/Tloc       4%         N/A       63%         3
 Cause Fear               Hex            2%         N/A       88%         4

Inventory:

Hand Weapons
 Y - a +0 arbalest (weapon)
Armour
 g - a +0 troll leather armour (worn) {Pargi}
 i - a +1 cloak (worn)
 n - a +0 pair of gloves (worn)
Jewellery
 c - an amulet of the acrobat (around neck)
 l - a ring of positive energy (left hand)
Scrolls
 d - 2 scrolls of identify
 k - a scroll of silence {unknown}
Potions
 a - a potion of mutation
 e - 2 potions of enlightenment
 f - a potion of haste
 h - 4 potions of curing
 j - 4 potions of heal wounds
 m - a potion of cancellation

Dungeon Overview and Level Annotations

Branches:
Dungeon (8/15)             Temple (1/1) D:5            Lair (0/5) D:8

Altars:
Ashenzari
Cheibriados
Dithmenos
Fedhas
Gozag
Kikubaaqudgha
Makhleb
Nemelex Xobeh
Okawaru
Ru
Sif Muna
Trog
Uskayaw
Vehumet
Wu Jian
Xom
Zin
The Shining One

Shops:
D:5 (

Portals:
Bailey: D:8


Message History

2 yaks come into view.
The yak bellows! x2
A yak comes into view.
Enter note:
Enter note:
Enter note:
Enter note:
Enter note:
Enter note: You shoot a bolt.
The bolt closely misses the yak.
The yak bellows!
A yak comes into view.
The yak falls through a shaft!
The shaft crumbles and collapses.
You shoot a bolt. The yak bellows!
The bolt hits the yak!
The yak is moderately wounded.
You shoot a bolt. The bolt hits the yak!
The yak is severely wounded.
You shoot a bolt. The bolt hits the yak.
The yak is lightly wounded.
You shoot a bolt.
The bolt hits the yak but does no damage.
The yak is severely wounded.
The yak barely misses you.
You shoot a bolt. The bolt hits the yak!
The yak is severely wounded.
The yak gores you! x3; The yak closely misses you.
You furiously retaliate!
You headbutt the yak. The yak gores you!
You shoot a bolt. The bolt hits the yak!
You kill the yak!
Okawaru accepts your kill.
You can now gain great but temporary skills.
The yak gores you. The yak gores you!
5919 ||| READING scroll of teleportation.
As you read the scroll of teleportation, it crumbles to dust.
You feel strangely unstable. The yak closely misses you.
You furiously retaliate!
You headbutt the yak! The yak gores you!
You die...

### ##+# #.. ##...##
#)# # ##.....## #.#
.##. ##.......###.#
.<...
#.........##Y#......
+.........'[@Y......
#.........##.#......
#.......###........
##.....## #####...#
##...## ... ##'## ..
##.####### .
#........#
#..#####.#


You could see 2 yaks.

Vanquished Creatures
  Sigmund (D:3)
  6 yaks (D:8)
  2 water moccasins
  Pargi (D:3)
  A black bear (D:7)
  An ice beast (D:3)
  3 ogres
  2 kobold brigands
  3 bullfrogs
  A scorpion (D:3)
  6 killer bees (D:7)
  2 howler monkeys
  A lava snake (D:7)
  3 hounds
  An orc priest (D:6)
  A jelly (D:6)
  3 gnoll boudas
  2 iguanas (D:5)
  3 orc wizards
  Robin (D:2)
  15 gnolls
  6 adders
  A shadow imp (D:8)
  A white imp (D:5)
  2 ufetubi
  3 worms
  A dart slug (D:1)
  15 orcs
  4 bats
  7 endoplasms
  3 giant cockroaches
  16 goblins
  6 hobgoblins
  2 quokkas
  8 ball pythons
  14 kobolds
  12 rats (D:2)
160 creatures vanquished.

Notes
Turn   | Place    | Note
-------+----------+-------------------------------------------
     0 | D:1      | qw the Minotaur Hexslinger began the quest for the Orb.
     0 | D:1      | Reached XP level 1. HP: 16/16 MP: 1/1
     0 | D:1      | 0 ||| qw: Version: 0.3-a-40-ge99b1a8
     0 | D:1      | 0 ||| qw: Game counter: 218
     0 | D:1      | 0 ||| qw: Melee chars always use a shield: true
     0 | D:1      | 0 ||| qw: God list: Okawaru
     0 | D:1      | 0 ||| qw: Allow faded altars: false
     0 | D:1      | 0 ||| qw: Do Orc after clearing Dungeon:15 true
     0 | D:1      | 0 ||| qw: Do second Lair branch before Depths: true
     0 | D:1      | 0 ||| qw: Lair rune preference: random
     0 | D:1      | 0 ||| qw: Goals: Normal
     0 | D:1      | 0 ||| PLANNING D:1-11
   191 | D:1      | 191 ||| SWAPPING to +0 arbalest.
   218 | D:1      | 218 ||| DROPPING +1 sling.
   320 | D:1      | Reached skill level 3 in Ranged Weapons
   320 | D:1      | Reached XP level 2. HP: 21/23 MP: 2/2
   393 | D:1      | You fall into a shaft and drop 1 floor!
   474 | D:2      | 474 ||| UPGRADING to +0 ring mail.
   484 | D:2      | 484 ||| DROPPING +0 robe.
   485 | D:2      | 485 ||| READING scroll labelled OSULUCLOEM.
   490 | D:2      | 490 ||| READING scroll labelled FUMIOG YCZIRR.
   491 | D:2      | 491 ||| READING scroll labelled LOUKKIPHOE.
   492 | D:2      | 492 ||| READING scroll labelled WIHAJUPROD.
   503 | D:2      | Reached XP level 3. HP: 14/29 MP: 3/3
   563 | D:2      | 563 ||| DRINKING 2 red potions.
   564 | D:2      | 564 ||| DROPPING scroll of poison.
   565 | D:2      | 565 ||| DROPPING potion of invisibility.
   566 | D:2      | 566 ||| Stepping randomly (stuck).
   956 | D:2      | Reached skill level 4 in Ranged Weapons
  1006 | D:2      | Reached skill level 1 in Armour
  1308 | D:2      | Reached XP level 4. HP: 36/36 MP: 4/4
  1371 | D:2      | Noticed Robin
  1372 | D:2      | 1372 ||| Stepping ~*~*~tactically~*~*~ (outnumbered).
  1379 | D:2      | Killed Robin
  1613 | D:2      | 1613 ||| READING scroll labelled ESO WAESAAGA.
  1614 | D:2      | 1614 ||| READING scroll labelled ARCHUOZ YCSOA.
  1615 | D:2      | 1615 ||| READING scroll labelled DORYLI YDYGHIDO.
  1616 | D:2      | 1616 ||| DRINKING 2 white potions.
  1617 | D:2      | 1617 ||| DRINKING 2 black potions.
  1618 | D:2      | 1618 ||| DROPPING potion of attraction.
  1626 | D:3      | Noticed Sigmund
  1629 | D:3      | Killed Sigmund
  1630 | D:3      | Reached skill level 6 in Ranged Weapons
  1630 | D:3      | Reached XP level 5. HP: 34/41 MP: 5/5
  1635 | D:3      | 1635 ||| FLEEEEING.
  1659 | D:3      | Noticed Pargi
  1670 | D:3      | Killed Pargi
  1671 | D:3      | Reached skill level 3 in Fighting
  1671 | D:3      | Reached XP level 6. HP: 17/51 MP: 6/6
  1862 | D:3      | Found a faded altar of an unknown god.
  2343 | D:3      | Noticed an ice beast
  2350 | D:3      | Killed an ice beast
  2351 | D:3      | Reached skill level 7 in Ranged Weapons
  2351 | D:3      | Reached XP level 7. HP: 37/60 MP: 7/7
  2439 | D:3      | Found a glowing golden altar of the Shining One.
  2547 | D:3      | 2547 ||| UPGRADING to +0 troll leather armour {Pargi}.
  2557 | D:3      | 2557 ||| DROPPING +0 ring mail.
  2558 | D:3      | 2558 ||| UPGRADING to +0 cloak.
  2563 | D:3      | 2563 ||| READING scroll labelled SIEDAI IREYTH.
  2564 | D:3      | 2564 ||| DRINKING 2 murky purple potions.
  2565 | D:3      | 2565 ||| READING 4 scrolls of identify.
  2565 | D:3      | 2565 ||| IDENTIFYING fuming pink potion
  2566 | D:3      | 2566 ||| READING 3 scrolls of identify.
  2566 | D:3      | 2566 ||| IDENTIFYING clear potion
  2567 | D:3      | 2567 ||| READING 2 scrolls of identify.
  2567 | D:3      | 2567 ||| IDENTIFYING grey potion
  2568 | D:3      | 2568 ||| DROPPING potion of degeneration.
  2613 | D:4      | Found a blossoming altar of Fedhas.
  2637 | D:4      | Found a sacrificial altar of Ru.
  2668 | D:4      | Identified the +0 ring mail "Kuonoc" {Dex+4}
  3161 | D:4      | 3161 ||| DROPPING +0 ring mail "Kuonoc" {Dex+4}.
  3162 | D:4      | 3162 ||| UPGRADING to amulet of the acrobat.
  3167 | D:4      | 3167 ||| READING scroll labelled DEGE FOETESE.
  3193 | D:4      | 3193 ||| READING scroll labelled ZUTAEKEG ZOTUT.
  3239 | D:5      | Entered Level 5 of the Dungeon
  3306 | D:5      | Reached skill level 8 in Ranged Weapons
  3461 | D:5      | Found Itaifysa's Weapon Shoppe.
  3462 | D:5      | Found a staircase to the Ecumenical Temple.
  3463 | D:5      | 3463 ||| PLANNING TEMPLE
  3469 | Temple   | Entered the Ecumenical Temple
  3612 | Temple   | 3612 ||| PLANNING D:1-11
  3678 | D:5      | 3678 ||| Stepping ~*~*~tactically~*~*~ (outnumbered).
  3679 | D:5      | 3679 ||| FLEEEEING.
  3711 | D:5      | Reached skill level 9 in Ranged Weapons
  3711 | D:5      | Reached XP level 8. HP: 57/68 MP: 8/8
  3743 | D:5      | Found an opulent altar of Gozag.
  3749 | D:5      | Found an ancient bone altar of Kikubaaqudgha.
  3999 | D:5      | Found an ornate altar of the Wu Jian Council.
  4131 | D:6      | 4131 ||| STAIRDANCE
  4136 | D:5      | Reached skill level 3 in Dodging
  4184 | D:6      | Reached skill level 6 in Fighting
  4299 | D:6      | 4299 ||| FLEEEEING.
  4300 | D:6      | 4300 ||| FLEEEEING.
  4301 | D:6      | 4301 ||| FLEEEEING.
  4302 | D:6      | 4302 ||| FLEEEEING.
  4303 | D:6      | 4303 ||| FLEEEEING.
  4304 | D:6      | 4304 ||| FLEEEEING.
  4305 | D:6      | 4305 ||| FLEEEEING.
  4306 | D:6      | 4306 ||| FLEEEEING.
  4307 | D:6      | 4307 ||| FLEEEEING.
  4308 | D:6      | 4308 ||| FLEEEEING.
  4309 | D:6      | 4309 ||| FLEEEEING.
  4310 | D:6      | 4310 ||| FLEEEEING.
  4311 | D:6      | 4311 ||| FLEEEEING.
  4312 | D:6      | 4312 ||| FLEEEEING.
  4313 | D:6      | 4313 ||| FLEEEEING.
  4314 | D:6      | 4314 ||| FLEEEEING.
  4396 | D:6      | Found a glowing silver altar of Zin.
  4439 | D:6      | Reached skill level 10 in Ranged Weapons
  4608 | D:6      | Found a sparkling altar of Nemelex Xobeh.
  4801 | D:6      | 4801 ||| UPGRADING to +1 cloak.
  4811 | D:6      | 4811 ||| DROPPING +0 cloak.
  4812 | D:6      | 4812 ||| UPGRADING to +0 pair of gloves.
  4817 | D:6      | 4817 ||| READING scroll labelled ITHONKALUQ.
  4818 | D:6      | 4818 ||| READING 2 scrolls of identify.
  4818 | D:6      | 4818 ||| IDENTIFYING silvery potion
  4862 | D:7      | 4862 ||| Stepping ~*~*~tactically~*~*~ (outnumbered).
  4865 | D:7      | 4865 ||| Stepping ~*~*~tactically~*~*~ (outnumbered).
  4907 | D:7      | HP: 16/70 [killer bee (6)]
  4908 | D:7      | 4908 ||| READING 2 scrolls of teleportation.
  4908 | D:7      | HP: 6/70 [poisoned by a killer bee]
  4909 | D:7      | 4909 ||| DRINKING 6 potions of heal wounds.
  4910 | D:7      | 4910 ||| DRINKING 5 potions of heal wounds.
  5013 | D:7      | Reached XP level 9. HP: 41/79 MP: 9/9
  5278 | D:7      | Found a snail-covered altar of Cheibriados.
  5279 | D:7      | 5279 ||| UPGRADING to ring of positive energy.
  5280 | D:7      | 5280 ||| READING 2 scrolls of identify.
  5280 | D:7      | 5280 ||| IDENTIFYING fizzy silvery potion
  5281 | D:7      | 5281 ||| DROPPING potion of magic.
  5399 | D:7      | 5399 ||| FLEEEEING.
  5400 | D:7      | 5400 ||| FLEEEEING.
  5401 | D:7      | 5401 ||| FLEEEEING.
  5474 | D:8      | Found a staircase to the Lair.
  5532 | D:8      | Found an iron altar of Okawaru.
  5533 | D:8      | 5533 ||| PLANNING OKAWARU WORSHIP
  5537 | D:8      | Became a worshipper of Warmaster Okawaru
  5538 | D:8      | 5538 ||| PLANNING D:1-11
  5603 | D:8      | Reached skill level 11 in Ranged Weapons
  5616 | D:8      | Reached skill level 3 in Armour
  5617 | D:8      | Reached * piety under Okawaru
  5692 | D:8      | Found a flagged portal.
  5752 | D:8      | 5752 ||| INVOKING Heroism.
  5767 | D:8      | Reached skill level 1 in Invocations
  5857 | D:8      | 5857 ||| INVOKING Heroism.
  5859 | D:8      | 5859 ||| Stepping ~*~*~tactically~*~*~ (outnumbered).
  5918 | D:8      | HP: 9/79 [yak (14)]
  5919 | D:8      | 5919 ||| READING scroll of teleportation.
  5919 | D:8      | Slain by a yak

Levels and vault maps discovered:
D:1:      saegor_arrival_fortress, layout_basic, due_unseen_surprise
D:2:      layout_loops_ring, minmay_rat_gold_closets, uniq_robin
D:3:      layout_rooms, tso_oasis_becter, hellmonk_ecumenical_altar_crossroads,
          serial_rivers, chequers_serial_rivers_small_a,
          chequers_serial_rivers_room_a, chequers_serial_rivers_room_b,
          chequers_serial_rivers_room_a, chequers_serial_rivers_micro_e,
          uniq_pargi, uniq_sigmund
D:4:      layout_gridville, fedhas_altar_1, mainiacjoe_overflow_catwalk,
          minmay_misc_feat_cross
D:5:      layout_basic, mainiacjoe_overflow_tiny_flanked,
          mainiacjoe_overflow_large_starburst, minmay_temple_entry_mist,
          serial_shops, shop
D:6:      layout_gridville, lemuel_round_altar,
          nemelex_xobeh_ov_fountains_minmay
D:7:      layout_basic, cheibrodos_worm_habitat, kennysheep_minor_cross
D:8:      layout_loops_corners, hellmonk_okawaru_the_only_friend_you_need,
          dpeg_oklobed_lair, enter_bailey_2, special_room [special_room_kobold],
          hangedman_decor_clover_reticule
Temple:   hellmonk_temple_flake

Skill      XL: |  1  2  3  4  5  6  7  8  9 |
---------------+----------------------------+-----
Ranged Weapons | 3 4 6 7 9 10 11 | 11.9
Fighting       | 2 3 4 5 7 |  7.3
Armour         | 1 2 3 |  3.6
Dodging        | 4 5 |  5.4
Invocations    | 1 |  1.0
Spellcasting   | |  1.0
Hexes          | |  2.0

Action                     |  1- 3 |  4- 6 |  7- 9 || total
---------------------------+-------+-------+-------++-------
   Fire: Arbalest          |    58 |   100 |   310 ||   468
         Sling             |     9 |       |       ||     9
 Invoke: Heroism           |       |       |     2 ||     2
    Use: Scroll            |     4 |     3 |    11 ||    18
         Potion            |     1 |     2 |     3 ||     6
 Armour: Robe              |     2 |       |       ||     2
         Ring mail         |     9 |    40 |       ||    49
         Troll leather arm |       |       |    60 ||    60
  Dodge: Dodged            |    23 |    69 |   167 ||   259

Table legend:
 A = Non-vault XP
 B = Vault XP
 C = Vault XP percentage of total XP
 D = Non-vault monster count
 E = Vault monster count
 F = Vault count percentage of total count
                 A         B        C        D         E       F
            +---------+---------+-------+---------+---------+-------
      Total |    4187 |     403 |   8.8 |     138 |      22 |  13.8
            +---------+---------+-------+---------+---------+-------
        D:1 |      22 |       0 |   0.0 |      10 |       0 |   0.0
        D:2 |      76 |      43 |  36.1 |      19 |      19 |  50.0
        D:3 |     262 |     355 |  57.5 |      18 |       2 |  10.0
        D:4 |      59 |       0 |   0.0 |       9 |       0 |   0.0
        D:5 |     848 |       0 |   0.0 |      24 |       0 |   0.0
        D:6 |     486 |       0 |   0.0 |      17 |       0 |   0.0
        D:7 |     997 |       5 |   0.5 |      20 |       1 |   4.8
        D:8 |    1437 |       0 |   0.0 |      21 |       0 |   0.0
            +---------+---------+-------+---------+---------+-------
